 Dungeon Crawl Stone Soup version 0.31-a0-358-gac0dbeb3ab (webtiles) character file.

Game seed: 6237389094956956363

119 Shayle the Ruffian (level 5, 0/40 HPs)
             Began as a Gnoll Shapeshifter on July 26, 2023.
             Slain by Pikel
             ... wielding a +0 whip of freezing
              (10 damage)
             ... on level 4 of the Dungeon.
             The game lasted 00:05:27 (1857 turns).

Shayle the Ruffian (Gnoll Shapeshifter)             Turns: 1857, Time: 00:05:28

Health: 0/40       AC:  5    Str: 14    XL:     5   Next: 3%
Magic:  7/7        EV: 12    Int:  9    God:
Gold:   173        SH:  0    Dex: 13    Spells: 6/6 levels left

rFire   + . .        v - +2 short sword of the Tent {heavy, rElec}
rCold   + . .        (no shield)
rNeg    . . .        g - +0 ring mail
rPois   .            (helmet currently unavailable)
rElec   +            (cloak currently unavailable)
rCorr   .            (gloves currently unavailable)
SInv    .            (boots currently unavailable)
Will    .....        l - amulet of magic regeneration
Stlth   +            j - ring of protection from cold
HPRegen 0.26/turn    r - ring of protection from fire
MPRegen 0.50/turn

%: no passive effects
@: beast-form
A: beast (slay +4), fangs 1, strong nose, distributed training
a: Begin Untransformation


You were on level 4 of the Dungeon.
You were a hulking beast.
You visited 1 branch of the dungeon, and saw 4 of its levels.

You collected 173 gold pieces.

Inventory:

Hand Weapons
 v - the +2 short sword of the Tent (weapon) {heavy, rElec}
   (You found it on level 2 of the Dungeon)

   rElec:     It insulates you from electricity.
Armour
 a - a +0 animal skin
 g - a +0 ring mail (worn)
 h - a +1 helmet of see invisible
 s - a +1 pair of boots
Jewellery
 j - a ring of protection from cold (left hand)
 l - an amulet of magic regeneration (around neck)
 r - a ring of protection from fire (right hand)
 u - a ring of poison resistance
Talismans
 c - a beast talisman
Wands
 w - a wand of acid (8)
 y - a wand of paralysis (10)
Scrolls
 e - a scroll of amnesia {unknown}
 f - a scroll of torment {unknown}
 i - 4 scrolls of identify {unknown}
 k - a scroll of vulnerability {unknown}
 o - 2 scrolls of teleportation {unknown}
 q - a scroll of enchant weapon {unknown}
 t - a scroll of revelation {unknown}
 x - a scroll of immolation {unknown}
 A - a scroll of brand weapon {unknown}
Potions
 b - a potion of lignification
 d - 2 potions of might {unknown}
 m - 2 potions of heal wounds {unknown}
 n - a potion of curing
 p - 2 potions of enlightenment {unknown}
 z - a potion of brilliance {unknown}


   Skills:
 + Level 2.9 Fighting
 + Level 1.3 Short Blades
 + Level 1.3 Long Blades
 + Level 1.3 Axes
 + Level 1.3 Maces & Flails
 + Level 1.3 Polearms
 + Level 1.3 Staves
 + Level 1.3 Ranged Weapons
 + Level 1.3 Throwing
 + Level 1.3 Armour
 + Level 4.7 Dodging
 + Level 1.3 Stealth
 + Level 1.3 Shields
 + Level 6.6 Unarmed Combat
 + Level 1.3 Spellcasting
 + Level 1.1 Conjurations
 + Level 1.1 Hexes
 + Level 1.1 Summonings
 + Level 1.1 Necromancy
 + Level 1.1 Translocations
 + Level 1.1 Transmutations
 + Level 1.1 Fire Magic
 + Level 1.1 Ice Magic
 + Level 1.1 Air Magic
 + Level 1.1 Earth Magic
 + Level 1.1 Poison Magic
 + Level 1.5 Invocations
 + Level 1.3 Evocations
 + Level 6.6 Shapeshifting


You had 6 spell levels left.
You didn't know any spells.
Your spell library contained the following spells:

 Spells                   Type           Power      Damage    Failure   Level
 Freeze                   Ice            8%         1d3       43%         1
 Kiss of Death            Conj/Necr      8%         2d6       43%         1
 Confusing Touch          Hex            2%         N/A       80%         3
 Dazzling Flash           Conj/Hex       4%         N/A       80%         3
 Frozen Ramparts          Ice            4%         1d1       80%         3
 Hailstorm                Conj/Ice       2%         3d3       80%         3
 Stone Arrow              Conj/Erth      4%         3d7       80%         3
 Volatile Blastmotes      Fire/Tloc      4%         2d10      80%         3
 Animate Armour           Summ/Erth      4%         N/A       99%         4
 Dispel Undead            Necr           2%         3d7       99%         4
 Starburst                Conj/Fire      1%         6d3       100%        6
 Lehudib's Crystal Spear  Conj/Erth      1%         10d2      100%        8
 Maxwell's Capacitive Co  Air            1%         ∞         100%        8


Dungeon Overview and Level Annotations

Branches:
Dungeon (4/15)
 Temple: D:4-7

Altars:

Shops:
D:1 (

Annotations:
D:2 1 runed translucent door, Crazy Yiuf
D:4 Pikel


Innate Abilities, Weirdness & Mutations

You are a hulking beast.
Your limbs bulge with bestial killing power. (Slay +4)
You have very sharp teeth.
Your uncanny sense of smell can sniff out nearby items.
Your experience applies equally to all skills.


Message History

You puncture Pikel!
Pikel is lightly wounded.
Pikel hits you with a +0 whip of freezing.
Pikel freezes you.
You puncture Pikel!
Pikel is moderately wounded.
Pikel hits you but does no damage. Pikel barely misses you.
A lemure comes into view.
You hit Pikel but do no damage.
Pikel is moderately wounded.
Pikel barely misses you.
You hit Pikel.
Pikel is heavily wounded.
Pikel hits you with a +0 whip of freezing.
You closely miss Pikel. Your bite misses Pikel.
Pikel is heavily wounded.
Pikel hits you with a +0 whip of freezing!
Pikel freezes you. Pikel hits you but does no damage.
You hit Pikel.
Pikel is heavily wounded.
Pikel hits you with a +0 whip of freezing.
* * * LOW HITPOINT WARNING * * *
Pikel freezes you.
* * * LOW HITPOINT WARNING * * *
You barely miss Pikel.
Pikel is heavily wounded.
Pikel misses you.
You hit Pikel. You bite Pikel.
Pikel is severely wounded.
Pikel cracks his whip.
Pikel hits you with a +0 whip of freezing.
* * * LOW HITPOINT WARNING * * *
Pikel freezes you.
* * * LOW HITPOINT WARNING * * *
A lemure comes into view.
Pikel says, "You'll rot in Tartarus!"
Pikel closely misses you.
You feel better.
Pikel hits you with a +0 whip of freezing!
You die...

### #.. ######### ...
###........ ..## .
....#####.### #...#..
.<...####.... .......
####.......#
#####o....#
####..##..#####.hKo5.#
∆ #........##
#...####5#
.......######.### ..
#.<...........# ...
.)####.######## ...
..# #... .. ..# ###...
. ### ##.# ###.. #


You could see Pikel, 2 lemures and 2 orcs.

Vanquished Creatures
  3 adders
  2 worms (D:2)
  7 orcs
  6 bats
  5 endoplasms
  4 giant cockroaches
  10 goblins
  6 hobgoblins
  4 jackals
  8 kobolds
  3 quokkas
  4 ball pythons
  4 frilled lizards
  6 rats
72 creatures vanquished.

Notes
Turn   | Place    | Note
-------+----------+-------------------------------------------
     0 | D:1      | Shayle the Gnoll Shapeshifter began the quest for the Orb.
     0 | D:1      | Reached XP level 1. HP: 17/17 MP: 1/1
    97 | D:1      | Reached XP level 2. HP: 21/23 MP: 2/2
   523 | D:1      | Reached XP level 3. HP: 28/28 MP: 3/3
   568 | D:1      | Found Arhuo's Weapon Shoppe.
   760 | D:2      | Found a faded altar of an unknown god.
   766 | D:2      | Reached skill level 1 in Invocations
   803 | D:2      | Reached skill level 1 in Short Blades
   803 | D:2      | Reached skill level 1 in Long Blades
   803 | D:2      | Reached skill level 1 in Axes
   803 | D:2      | Reached skill level 1 in Maces & Flails
   803 | D:2      | Reached skill level 1 in Polearms
   803 | D:2      | Reached skill level 1 in Staves
   803 | D:2      | Reached skill level 1 in Ranged Weapons
   803 | D:2      | Reached skill level 1 in Throwing
   803 | D:2      | Reached skill level 1 in Armour
   803 | D:2      | Reached skill level 1 in Stealth
   803 | D:2      | Reached skill level 1 in Shields
   803 | D:2      | Reached skill level 1 in Spellcasting
   803 | D:2      | Reached skill level 1 in Evocations
   915 | D:2      | Reached XP level 4. HP: 34/34 MP: 5/5
  1072 | D:2      | Identified the +2 short sword of the Tent {heavy, rElec}
  1147 | D:2      | Found a runed translucent door.
  1148 | D:2      | Noticed Crazy Yiuf
  1424 | D:3      | Reached skill level 1 in Conjurations
  1424 | D:3      | Reached skill level 1 in Hexes
  1424 | D:3      | Reached skill level 1 in Summonings
  1424 | D:3      | Reached skill level 1 in Necromancy
  1424 | D:3      | Reached skill level 1 in Translocations
  1424 | D:3      | Reached skill level 1 in Transmutations
  1424 | D:3      | Reached skill level 1 in Fire Magic
  1424 | D:3      | Reached skill level 1 in Ice Magic
  1424 | D:3      | Reached skill level 1 in Air Magic
  1424 | D:3      | Reached skill level 1 in Earth Magic
  1424 | D:3      | Reached skill level 1 in Poison Magic
  1841 | D:4      | Reached XP level 5. HP: 29/40 MP: 5/7
  1844 | D:4      | Noticed Pikel
  1846 | D:4      | Noticed a lemure
  1850 | D:4      | Noticed a lemure
  1856 | D:4      | Noticed a lemure
  1857 | D:4      | Slain by Pikel

Illustrated notes

Levels and vault maps discovered:
D:1:      dpeg_arrival_arbitrary_b, layout_loops_ring, serial_shops, shop
D:2:      layout_rooms, ebering_ecumenical_altar_mist, minmay_quantized,
          uniq_crazy_yiuf_cottage
D:3:      layout_rooms
D:4:      layout_rooms, uniq_pikel

Skill      XL: |  1  2  3  4 |
---------------+-------------+-----
Invocations    | 1 |  1.5
Short Blades   | 1 |  1.3
Long Blades    | 1 |  1.3
Axes           | 1 |  1.3
Maces & Flails | 1 |  1.3
Polearms       | 1 |  1.3
Staves         | 1 |  1.3
Ranged Weapons | 1 |  1.3
Throwing       | 1 |  1.3
Armour         | 1 |  1.3
Stealth        | 1 |  1.3
Shields        | 1 |  1.3
Spellcasting   | 1 |  1.3
Evocations     | 1 |  1.3
Conjurations   | 1 |  1.1
Hexes          | 1 |  1.1
Summonings     | 1 |  1.1
Necromancy     | 1 |  1.1
Translocations | 1 |  1.1
Transmutations | 1 |  1.1
Fire Magic     | 1 |  1.1
Ice Magic      | 1 |  1.1
Air Magic      | 1 |  1.1
Earth Magic    | 1 |  1.1
Poison Magic   | 1 |  1.1
Fighting       | |  2.9
Dodging        | |  4.7
Unarmed Combat | |  6.6
Shapeshifting  | |  6.6

Action                     |  1- 3 |  4- 6 || total
---------------------------+-------+-------++-------
  Melee: Unarmed           |    62 |    16 ||    78
         Bite              |     3 |     6 ||     9
         Punch             |     2 |     5 ||     7
         Short sword       |       |    58 ||    58
    Use: Potion            |       |     2 ||     2
   Stab: Sleeping          |     1 |     1 ||     2
 Armour: Ring mail         |    11 |    17 ||    28
         Animal skin       |     5 |       ||     5
  Dodge: Dodged            |    29 |    42 ||    71

Table legend: (Time is in decaauts)
 A = Elapsed time spent in this place.
 B = Non-inter-level travel time spent in this place.
 C = Inter-level travel time spent in this place.
 D = Time resting spent in this place.
 E = Time spent auto-exploring this place.
 F = Levels seen in this place.
 G = Mean time per level.
                   A        B        C        D        E       F      G
               +--------+--------+--------+--------+--------+-----+--------+
         Total |   1869 |   1799 |     70 |     77 |   1156 |   4 |  467.2 |
       Dungeon |   1869 |   1799 |     70 |     77 |   1156 |   4 |  467.2 |
               +--------+--------+--------+--------+--------+-----+--------+

Top non-repeatable levels by time:
     D:1: 701 daAuts
     D:2: 563 daAuts
     D:3: 501 daAuts
     D:4: 103 daAuts
